 Dungeon Crawl Stone Soup version 0.22.1-1-ga44c0e5 (webtiles) character file.

2295 FrontBottom the Changer (level 9, -3/67 (69) HPs)
             Began as an Octopode Transmuter on Oct 27, 2018.
             Was an Initiate of Elyvilon.
             Slain by a killer bee (5 damage)
             ... on level 6 of the Dungeon.
             The game lasted 01:05:53 (8833 turns).

FrontBottom the Changer (Octopode Transmuter)       Turns: 8833, Time: 01:05:54

HP:   -3/67 (69)    AC:  6    Str: 10    XL:     9   Next: 40%
MP:   12/16         EV: 10    Int: 17    God:    Elyvilon [......]
Gold: 453           SH:  0    Dex: 13    Spells: 7/18 levels left

rFire    x . .     SeeInvis .     - Unarmed
rCold    + + +     Gourm    .   (shield currently unavailable)
rNeg     . . .     Faith    .   (helmet currently unavailable)
rPois    +         Spirit   .   (no amulet)
rElec    .         Reflect  .   (no ring)
rCorr    .         Harm     .   (no ring)
MR       .....                  (no ring)
Stlth    ++........             (no ring)
HPRegen  0.21/turn              (no ring)
MPRegen  0.15/turn              (no ring)
                                (no ring)
                                (no ring)

@: lethally poisoned (-3 -> -9), ice-form
A: large, almost no armour, stealthy swim, amphibious, 8 rings, (constrict 8)
a: End Transformation, Renounce Religion


You were on level 6 of the Dungeon.
You worshipped Elyvilon.
Elyvilon was noncommittal.
You were not hungry.
You were a creature of crystalline ice.
You visited 2 branches of the dungeon, and saw 8 of its levels.

You collected 453 gold pieces.

Inventory:

Hand Weapons
 n - a +3 dagger of venom (melded)
 u - a +0 spear
Missiles
 a - 91 arrows
 d - 232 stones
 w - 4 tomahawks (quivered)
Armour
 B - a +0 buckler
Jewellery
 f - an uncursed ring of ice
Wands
 v - a wand of iceblast (8)
 z - a wand of enslavement (14)
Scrolls
 b - a scroll of noise {unknown}
 e - a scroll of identify
 g - 2 scrolls of fog
 h - 2 scrolls of remove curse
 i - 2 scrolls of enchant weapon
 o - 6 scrolls of teleportation
 t - a scroll of blinking {unknown}
 y - 2 scrolls of fear
Potions
 j - a potion of brilliance {unknown}
 k - a potion of cancellation {unknown}
 l - 2 potions of might
 m - a potion of haste {unknown}
 p - a potion of resistance {unknown}
 q - 6 potions of curing
 r - 2 potions of flight
 s - a potion of mutation {unknown}
 x - a potion of degeneration {unknown}
Comestibles
 c - 9 rations


   Skills:
 + Level 4.2 Fighting
 - Level 5.0 Short Blades
 - Level 2.0 Dodging
 - Level 1.2 Stealth
 - Level 3.3 Unarmed Combat
 - Level 5.0 Spellcasting
 + Level 6.7 Transmutations
 * Level 3.3 Ice Magic
 - Level 5.0 Poison Magic


You had 7 spell levels left.
You knew the following spells:

 Your Spells              Type           Power        Failure   Level  Hunger
a - Beastly Appendage     Tmut           ####..       1%          1    None
b - Sticks to Snakes      Tmut           ####....     1%          2    #......
c - Spider Form           Tmut/Pois      ###.......   3%          3    ###....
d - Ice Form              Ice/Tmut       ###.....     19%         4    ####...
e - Confusing Touch       Hex            #.....       14%         1    None

Your spell library contained the following spells:

 Spells                   Type           Power        Failure   Level  Hunger
 Blade Hands              Tmut           ####......   24%         5    ######.
 Petrify                  Tmut/Erth      ###.....     34%         4    ####...
 Confuse                  Hex            #.......     38%         3    ###....
 Gell's Gravitas          Tloc           #.........   38%         3    ###....
 Yara's Violent Unravell  Hex/Tmut       ###.......   69%         5    ######.
 Metabolic Englaciation   Hex/Ice        #.........   89%         5    ######.


Dungeon Overview and Level Annotations

Branches:
Dungeon (7/15)             Temple (1/1) D:6

Altars:
Ashenzari
Cheibriados
Dithmenos
Elyvilon
Fedhas
Gozag
Hepliaklqana
Kikubaaqudgha
Makhleb
Nemelex Xobeh
Qazlal
Ru
Sif Muna
Trog
Uskayaw
Vehumet
Wu Jian
Xom
Yredelemnul
Zin
The Shining One

Shops:
D:4 [

Annotations:
D:2 exclusion: downstairs
D:3 2 transporters, SaintRoka's ghost, novice OgFi
D:6 1 runed door, miragecloak's ghost, novice DrTm


Innate Abilities, Weirdness & Mutations

You cannot wear most types of armour.
You are very stealthy in the water. (Stealth+)
You are amphibious.
You can wear up to eight rings at the same time.
((You can use your tentacles to constrict eight enemies at once.))
((Your skin changes colour to match your surroundings (Stealth+).))
((Your rubbery body absorbs attacks. (AC +1, EV +1)))


Message History

The killer bee is moderately wounded.
The killer bee misses you. The killer bee barely misses you.
The killer bee stings you!
* * * LOW HITPOINT WARNING * * *
You are more poisoned.
The killer bee poisons you! The killer bee barely misses you.
You barely miss the killer bee.
The killer bee is moderately wounded.
You feel sick.
The killer bee stings you but does no damage.
The killer bee stings itself.
The killer bee barely misses you. The killer bee stings you!
* * * LOW HITPOINT WARNING * * *
The killer bee stings you but does no damage.
You miss the killer bee.
The killer bee is moderately wounded.
* * * LOW HITPOINT WARNING * * *
You feel sick. The killer bee closely misses you. The killer bee misses you. x2
The killer bee stings you.
You die...

####### #.....# #.....#
#.....###
#.......#############
##..y............[....
#......#.######.#####.
#......#.##.....#####.
#...yY................
#...y######)#.......#.
##....## #.#.#<)...#.
#.)....# #.#.#######.
#......# #.#...######
#......#####.##..#.WW..
#............##..+≈≈≈≈%
#.....(####..###.#.....
###.#.....##..#
########


You could see 3 killer bees.

Vanquished Creatures
  Grinder (D:4)
  Edmund (D:4)
  Duvessa (D:6)
  2 ice beasts
  2 sky beasts
  A phantom (D:5)
  A necrophage (D:5)
  3 ogres
  4 bullfrogs (D:6)
  Dowan (D:6)
  A scorpion (D:4)
  A bullfrog zombie (D:6)
  3 hounds
  4 orc priests
  3 orc wizards
  A bullfrog skeleton (D:5)
  2 iguanas
  6 worker ants
  A hound skeleton (D:6)
  5 adders
  A shadow imp (D:2)
  An adder skeleton (D:4)
  An adder zombie (D:5)
  3 worms
  3 dart slugs
  5 leopard geckos
  14 orcs
  2 giant cockroaches
  11 goblins
  12 hobgoblins
  3 quokkas
  6 bats
  3 frilled lizards
  6 kobolds
  9 rats
124 creatures vanquished.

Vanquished Creatures (collateral kills)
  A necrophage (D:6)
1 creature vanquished.

Grand Total: 125 creatures vanquished

Notes
Turn   | Place    | Note
-------+----------+-------------------------------------------
     0 | D:1      | FrontBottom the Octopode Transmuter began the quest for the
                  | Orb.
     0 | D:1      | Reached XP level 1. HP: 13/13 MP: 3/3
   360 | D:1      | Reached XP level 2. HP: 4/18 MP: 3/5
   377 | D:1      | Learned a level 2 spell: Sticks to Snakes
  1074 | D:1      | Reached XP level 3. HP: 23/23 MP: 4/6
  1318 | D:2      | Learned a level 3 spell: Spider Form
  1714 | D:2      | Reached skill level 3 in Transmutations
  1939 | D:2      | Reached XP level 4. HP: 28/28 MP: 7/7
  2040 | D:2      | Reached skill level 1 in Stealth
  2651 | D:3      | Reached skill level 1 in Poison Magic
  2695 | D:3      | Reached skill level 1 in Short Blades
  2973 | D:3      | Found a faded altar of an unknown god.
  3124 | D:3      | Reached XP level 5. HP: 29/33 MP: 6/8
  3201 | D:3      | Found a transporter.
  3206 | D:3      | Noticed SaintRoka's ghost (novice OgFi)
  3286 | D:3      | Found a transporter.
  3911 | D:4      | Noticed Edmund
  3924 | D:4      | Found Xuyfyll's Armour Boutique.
  4007 | D:4      | Reached XP level 6. HP: 39/39 MP: 9/9
  4081 | D:4      | Noticed Grinder
  4085 | D:4      | Killed Grinder
  4085 | D:4      | Reached XP level 7. HP: 36/45 MP: 10/10
  4821 | D:4      | Killed Edmund
  5116 | D:4      | Reached skill level 5 in Poison Magic
  5189 | D:5      | Entered Level 5 of the Dungeon
  5282 | D:5      | Reached XP level 8. HP: 38/51 MP: 12/12
  5487 | D:5      | Reached skill level 5 in Short Blades
  5669 | D:5      | Reached skill level 4 in Transmutations
  6116 | D:5      | Found a deep blue altar of Sif Muna.
  6634 | D:5      | Learned a level 4 spell: Ice Form
  6747 | D:6      | Found a runed door.
  6749 | D:6      | Noticed miragecloak's ghost (novice DrTm)
  6782 | D:6      | Reached skill level 5 in Transmutations
  6782 | D:6      | Reached skill level 1 in Ice Magic
  7214 | D:6      | Learned a level 1 spell: Confusing Touch
  7251 | D:6      | Noticed Duvessa
  7251 | D:6      | Noticed Dowan
  7276 | D:6      | Killed Duvessa
  7284 | D:6      | Killed Dowan
  7284 | D:6      | Reached skill level 5 in Spellcasting
  7578 | D:6      | Reached XP level 9. HP: 51/56 MP: 11/16
  7729 | D:6      | Found a staircase to the Ecumenical Temple.
  7742 | Temple   | Entered the Ecumenical Temple
  7875 | Temple   | Became a worshipper of Elyvilon the Healer
  8094 | D:6      | Reached skill level 6 in Transmutations
  8662 | D:6      | Found a burning altar of Makhleb.
  8832 | D:6      | HP: 2/67 [killer bee (8)]
  8833 | D:6      | Slain by a killer bee

Skill      XL: |  1  2  3  4  5  6  7  8  9 |
---------------+----------------------------+-----
Transmutations | 3 5 6 |  6.7
Stealth        | 1 |  1.2
Poison Magic   | 1 3 4 5 |  5.0
Short Blades   | 1 2 3 4 5 |  5.0
Fighting       | 2 3 4 |  4.2
Spellcasting   | 3 5 |  5.0
Ice Magic      | 2 3 |  3.3
Dodging        | |  2.0
Unarmed Combat | |  3.3

Action                   |  1- 3 |  4- 6 |  7- 9 || total
-------------------------+-------+-------+-------++-------
Melee: Unarmed           |    40 |       |    38 ||    78
       Constrict         |    21 |    20 |    27 ||    68
       Tentacles         |     9 |    11 |    39 ||    59
       Kick              |    13 |    20 |    19 ||    52
       Dagger            |    22 |    76 |   169 ||   267
       Punch             |       |     4 |     8 ||    12
Throw: Stone             |     2 |       |       ||     2
 Cast: Beastly Appendage |    17 |    18 |    29 ||    64
       Sticks to Snakes  |     1 |       |    15 ||    16
       Spider Form       |       |       |     2 ||     2
       Ice Form          |       |       |     1 ||     1
       Confusing Touch   |       |       |     1 ||     1
  Use: Scroll            |       |     5 |     4 ||     9
 Stab: Sleeping          |     5 |     7 |     9 ||    21
       Distracted        |       |       |     1 ||     1
  Eat: Chunk             |     3 |     7 |    11 ||    21
       Ration            |       |       |     2 ||     2
Armor: Skin              |     6 |     1 |    11 ||    18
Dodge: Dodged            |    33 |    34 |    99 ||   166
